 Dungeon Crawl Stone Soup version 0.31-a0-1-g4198be8af4 (webtiles) character file.

Game seed: 17243342688876317072

584 bande the Covered (level 7, -9/43 HPs)
             Began as a Gargoyle Fighter on May 2, 2023.
             Was an Initiate of Okawaru.
             Killed from afar by a starcursed mass (10 damage)
             ... with an accursed screaming
             ... on level 1 of the Abyss.
             The game lasted 00:07:02 (5407 turns).

bande the Covered (Gargoyle Fighter)                Turns: 5407, Time: 00:07:03

Health: -9/43      AC: 19    Str: 19    XL:     7   Next: 37%
Magic:  0/7        EV:  5    Int:  9    God:    Okawaru [......]
Gold:   329        SH:  4    Dex: 11    Spells: 6/6 levels left

rFire   . . .        a - +0 war axe
rCold   . . .        c - +0 buckler
rNeg    + . .        t - +0 plate armour
rPois   ∞            o - +0 helmet
rElec   +            (no cloak)
rCorr   .            k - +0 pair of gloves
SInv    .            (no boots)
Will    .....        n - amulet of guardian spirit Stlth
                     (no ring)
HPRegen 0.27/turn    (no ring)
MPRegen 0.10/turn

%: guardian spirit
@: no status effects
A: sickness immunity, AC +4, negative energy resistance 1, electricity
resistance, torment resistance 1, petrification resistance
a: Renounce Religion


You were on level 1 of the Abyss.
You worshipped Okawaru.
Okawaru was noncommittal.
You visited 2 branches of the dungeon, and saw 7 of its levels.
You visited the Abyss 1 time.

You collected 329 gold pieces.

Inventory:

Hand Weapons
 a - a +0 war axe (weapon)
 j - a +0 war axe
 r - a +0 flail
Armour
 c - a +0 buckler (worn)
 k - a +0 pair of gloves (worn)
 o - a +0 helmet (worn)
 t - a +0 plate armour (worn)
Jewellery
 g - a +6 ring of intelligence
 n - an amulet of guardian spirit (around neck)
Wands
 p - a wand of flame (21)
Scrolls
 f - 6 scrolls of identify
 l - a scroll of amnesia
 q - 2 scrolls of blinking
Potions
 b - 2 potions of invisibility
 d - a potion of might
 e - a potion of flight
 h - a potion of brilliance
 i - 4 potions of heal wounds
 m - 4 potions of curing
 s - a potion of degeneration {unknown}


   Skills:
 + Level 4.2 Fighting
 + Level 4.9 Axes
 + Level 4.9 Armour
 - Level 0.1 Dodging
 + Level 4.0 Shields
 * Level 1.2 Invocations
 * Level 2.3 Evocations


You had 6 spell levels left.
You didn't know any spells.
Your spell library contained the following spells:

 Spells                   Type           Power      Damage    Failure   Level
 Freeze                   Ice            0%         1d3       100%        1
 Static Discharge         Conj/Air       0%         2-2/arc   100%        2
 Frozen Ramparts          Ice            0%         1d1       100%        3
 Hailstorm                Conj/Ice       0%         3d3       100%        3
 Ignite Poison            Fire/Tmut/Pois 0%         N/A       100%        3
 Airstrike                Air            0%         2d(0-16)  100%        4
 Sticky Flame             Conj/Fire      0%         2d3       100%        4
 Ignition                 Fire           0%         3d3       100%        8
 Summon Lightning Spire   Summ/Air       Unusable   N/A       N/A         4

Dungeon Overview and Level Annotations

Branches:
Dungeon (6/15)             Temple (1/1) D:5

Altars:
Ashenzari
Cheibriados
Elyvilon
Fedhas
Gozag
Hepliaklqana
Kikubaaqudgha
Makhleb
Nemelex Xobeh
Okawaru
Qazlal
Ru
Uskayaw
Vehumet
Xom
Yredelemnul
Zin

Shops:
D:4 *(*

Annotations:
D:6 Maggie


Innate Abilities, Weirdness & Mutations

You are immune to sickness and miasma.
Your stone body is resilient. (AC +4)
You are immune to poison.
You resist negative energy. (rN+)
You are resistant to electric shocks. (rElec)
You are resistant to unholy torment.
You are immune to petrification.


Message History

There is an open door here.
Done exploring.
Done exploring.
Done exploring.
There is an open door here.
There is a stone staircase leading down here.
You climb downwards.
Found a potion of curing.
Found a stone staircase leading down.
There is a stone staircase leading up here.
m - 4 potions of curing (gained 1)
You now have 322 gold pieces (gained 20).
g - a +6 ring of intelligence You now have 329 gold pieces (gained 7).
Maggie the Vainglorious comes into view.
She is wielding a +2 scimitar of distortion.
Found an escape hatch in the floor.
Maggie shouts!
Maggie gestures at you while chanting. The bolt of fire hits you!
Maggie mumbles some strange words.
Maggie attempts to bespell you!
You are mesmerised by Maggie!
Maggie hits you with a +2 scimitar of distortion!
Space warps horribly around you.
You closely miss Maggie. Maggie hits you but does no damage.
You are cast into the Abyss!
This branch contains the abyssal rune of Zot.
Found a corrupted altar of Lugonu.
Found a gateway leading deeper into the Abyss.
A starcursed mass splits.
A chorus of shrieks assaults your mind.
A starcursed mass splits.
The starcursed mass touches you! x2
The starcursed mass attacks as you move away!
The starcursed mass touches you but does no damage.
A starcursed mass splits.
A starcursed mass splits. x2
A deafening chorus of shrieks assaults your mind!
* * * LOW HITPOINT WARNING * * *
A deafening chorus of shrieks assaults your mind!
You die...

.. # ....##..###...# .
. .#.. #..#...#....
........##.#.X.......
....###. #>..X.#....#
. #.###.##XX..# .#
#.#.#..#X##..# .. ..#.
##.#X# ##..# #.. #...
.#..#.# .. .#...
.#.#...#@.#
.....#.....#.........#
..........#.#...#.##..
.....#.....###.#..#
...## .... #..##. #
##.##. ##.. . .. ..#
.# ##


You could see 6 starcursed masses.

Vanquished Creatures
  A phantom (D:5)
  A scorpion (D:4)
  2 hounds
  3 sleepcaps
  Terence (D:3)
  3 iguanas
  An orc wizard (D:5)
  A gnoll (D:4)
  5 adders
  A shadow imp (D:5)
  A white imp (D:5)
  2 ufetubi
  A worm (D:2)
  5 dart slugs
  5 orcs
  4 ball pythons
  10 endoplasms
  4 giant cockroaches
  4 hobgoblins
  5 jackals (D:4)
  3 quokkas
  6 bats
  4 frilled lizards
  15 goblins
  6 kobolds
  8 rats
102 creatures vanquished.

Vanquished Creatures (others)
  2 plants (D:4)
2 creatures vanquished.

Grand Total: 104 creatures vanquished

Notes
Turn   | Place    | Note
-------+----------+-------------------------------------------
     0 | D:1      | bande the Gargoyle Fighter began the quest for the Orb.
     0 | D:1      | Reached XP level 1. HP: 14/14 MP: 1/1
   232 | D:1      | Reached XP level 2. HP: 19/19 MP: 2/2
   528 | D:1      | Reached XP level 3. HP: 22/23 MP: 3/3
  1173 | D:2      | Found a faded altar of an unknown god.
  1557 | D:2      | Reached XP level 4. HP: 28/28 MP: 4/4
  2426 | D:3      | Noticed Terence
  2448 | D:3      | Killed Terence
  2986 | D:4      | Reached XP level 5. HP: 22/33 MP: 5/5
  3122 | D:4      | Found Tumudole's Antique Weapon Emporium.
  3184 | D:4      | Found a broken altar of Ashenzari.
  3243 | D:4      | Reached skill level 1 in Evocations
  3243 | D:4      | Reached XP level 6. HP: 37/38 MP: 6/6
  3655 | D:4      | Found Kylimimn's Assorted Antiques.
  4237 | D:4      | Found Luanatel's Assorted Antiques.
  4345 | D:5      | Entered Level 5 of the Dungeon
  4363 | D:5      | Identified the +9 dagger of Dytiukun {freeze, rF- rC- Will+
                  | Dex+7}
  4371 | D:5      | Found a staircase to the Ecumenical Temple.
  4380 | Temple   | Entered the Ecumenical Temple
  4456 | Temple   | Became a worshipper of Warmaster Okawaru
  4709 | D:5      | Reached XP level 7. HP: 39/43 MP: 7/7
  4778 | D:5      | Found a radiant altar of Vehumet.
  4802 | D:5      | Found a sparkling altar of Nemelex Xobeh.
  4948 | D:5      | Reached skill level 1 in Invocations
  5367 | D:6      | Noticed Maggie
  5378 | Abyss:1  | Found a corrupted altar of Lugonu.
  5378 | Abyss:1  | Cast into level 1 of the Abyss (Maggie)
  5399 | Abyss:1  | Noticed a starcursed mass
  5405 | Abyss:1  | HP: 1/43 [starcursed mass/accursed screaming (13)]
  5407 | Abyss:1  | Killed from afar by a starcursed mass

Illustrated notes

Levels and vault maps discovered:
D:1:      ebering_trefoil_twist, layout_basic
D:2:      layout_basic, basic_ecumenical_altar
D:3:      layout_basic, uniq_terence
D:4:      minmay_opposing_rooms, layout_loops_corners,
          mainiacjoe_overflow_tiny_flanked, serial_shops, shop,
          nicolae_shop_overgrown_old_shop, nicolae_shop_real_fake_doors,
          corexii_leaking_fountain, amethyst_killhole
D:5:      layout_gridville, mainiacjoe_overflow_catch_the_wave,
          minmay_temple_entry_statues_fountains
D:6:      wad_lake_hut, layout_loops_ring, serial_shops, shop, uniq_eustachio,
          uniq_crazy_yiuf_cottage, uniq_maggie
Temple:   jpeg_temple_clearing
Abyss:1:  base:
D:6

Skill      XL: |  1  2  3  4  5  6  7 |
---------------+----------------------+-----
Axes           | 2 3 4 |  4.9
Armour         | 4 |  4.9
Evocations     | 1 2 |  2.3
Fighting       | 4 |  4.2
Shields        | 4 |  4.0
Invocations    | 1 |  1.2
Dodging        | |  0.1

Action                     |  1- 3 |  4- 6 |  7- 9 || total
---------------------------+-------+-------+-------++-------
  Melee: War axe           |    97 |   176 |    36 ||   309
    Use: Scroll            |     6 |     8 |       ||    14
 Armour: Scale mail        |     5 |       |       ||     5
         Chain mail        |    55 |   102 |     6 ||   163
         Plate armour      |       |       |    23 ||    23
  Dodge: Dodged            |    26 |    79 |    10 ||   115
  Block: Buckler           |    19 |    39 |     8 ||    66

Table legend: (Time is in decaauts)
 A = Elapsed time spent in this place.
 B = Non-inter-level travel time spent in this place.
 C = Inter-level travel time spent in this place.
 D = Time resting spent in this place.
 E = Time spent auto-exploring this place.
 F = Levels seen in this place.
 G = Mean time per level.
                   A        B        C        D        E       F      G
               +--------+--------+--------+--------+--------+-----+--------+
         Total |   5518 |   5223 |    295 |    552 |   3764 |   8 |  689.8 |
       Dungeon |   5393 |   5117 |    276 |    552 |   3712 |   6 |  898.8 |
        Temple |     96 |     77 |     19 |      0 |     52 |   1 |   96.0 |
         Abyss |     29 |     29 |      0 |      0 |      0 |   1 |   29.0 |
               +--------+--------+--------+--------+--------+-----+--------+

Top non-repeatable levels by time:
     D:4: 1409 daAuts
     D:3: 1250 daAuts
     D:2: 938 daAuts
     D:1: 838 daAuts
     D:5: 817 daAuts
     D:6: 137 daAuts
  Temple: 96 daAuts
 Abyss:1: 29 daAuts
